 Dungeon Crawl Stone Soup version 0.20.0-8-g6b59dc7 (console) character file.

108807 bolko the Slicer (level 17, 0/111 HPs)
             Began as a Halfling Enchanter on June 1, 2017.
             Was the Champion of Okawaru.
             Slain by an eight-headed hydra (1 damage)
             ... on level 4 of the Swamp.
             The game lasted 03:28:59 (22381 turns).

bolko the Slicer (Halfling Enchanter)              Turns: 22381, Time: 03:29:00

Health: 0/111      AC: 22    Str: 19    XL:     17   Next: 5%
Magic:  26/27      EV: 12    Int: 21    God:    Okawaru [******]
Gold:   3514       SH:  0    Dex: 17    Spells: 3/30 levels left

rFire    . . .     SeeInvis .   b - +0 blowgun
rCold    + + .     Gourm    .   (shield restricted)
rNeg     . . .     Faith    +   o - +4 troll leather armour {Purgy}
rPois    +         Spirit   .   J - +2 helmet {Int+3}
rElec    .         Reflect  .   n - +0 cloak
rCorr    .         Harm     .   P - +2 pair of gloves of the Hills {rC+ Regen+}
MR       +....                  l - +2 pair of boots {run}
Stlth    +++++.....             i - amulet of faith
Regen    1.1/turn               R - ring "Kuluf" {rC+ Str+10}
MPRegen  0.2/turn               p - ring of poison resistance

@: grasped by roots, very slightly contaminated, slow
A: slimy green scales 1, mutation resistance 1
a: Heroism, Finesse, Renounce Religion


You were on level 4 of the Swamp.
You worshipped Okawaru.
Okawaru was exalted by your worship.
You were not hungry.

You visited 5 branches of the dungeon, and saw 25 of its levels.
You also visited: Labyrinth, Sewer, Bailey, Ice Cave and Volcano.

You collected 4133 gold pieces.
You spent 619 gold pieces at shops.

Inventory:

Hand Weapons
 a - a +2 rapier of speed
 b - a +0 blowgun (weapon)
 z - a +3 demon blade of flaming
Missiles
 e - 38 tomahawks of returning
 t - 151 sling bullets
 u - 8 curare-tipped needles
 v - 44 poisoned needles
 w - 7 tomahawks of dispersal
 B - a needle of confusion
 E - 3 needles of paralysis (quivered)
 L - 6 needles of frenzy
Armour
 l - a +2 pair of boots of running (worn)
 n - a +0 cloak (worn)
 o - a +4 troll leather armour (worn) {Purgy}
 J - a +2 helmet of intelligence (worn)
 P - the +2 pair of gloves of the Hills (worn) {rC+ Regen+}
   (Okawaru gifted it to you on level 9 of the Dungeon)

   It protects you from cold.
   It increases your rate of regeneration.
Jewellery
 g - the ring "Jecuen Osso" {Ice MR+ Str+2}
   (You found it in a labyrinth)

   [ring of ice]

   It enhances your ice magic.
   It affects your strength (+2).
   It makes you vulnerable to fire.
   It protects you from cold.
   It affects your resistance to hostile enchantments.
 i - an amulet of faith (around neck)
 k - an uncursed ring of resist corrosion
 p - a ring of poison resistance (right hand)
 x - an uncursed ring of protection from magic
 y - an uncursed ring of protection from fire
 N - an uncursed ring of protection from cold
 R - the ring "Kuluf" (left hand) {rC+ Str+10}
   (You found it on level 4 of the Lair of Beasts)

   [ring of protection from cold]

   It affects your strength (+10).
   It protects you from cold.
Wands
 h - a wand of lightning (4/15)
 Q - a wand of iceblast (12/15)
 S - a wand of digging (17/24)
 T - a wand of lightning (8/15)
 V - a wand of acid (0/15)
 Y - a wand of iceblast (0/15)
Scrolls
 c - a scroll of recharging
 f - 2 scrolls of magic mapping
 m - 17 scrolls of remove curse
 r - 3 scrolls of immolation
 C - 5 scrolls of identify
 D - a scroll of silence
 U - a scroll of vulnerability
 Z - a scroll of fog
Potions
 j - a potion of flight
 s - 2 potions of magic
 A - 4 potions of brilliance
 G - 3 potions of curing
 K - a potion of haste
 W - a potion of resistance
Books
 M - a book of Ice

   Spells                             Type                      Level
   a - Ice Form                       Ice/Transmutation            4
   b - Metabolic Englaciation         Hexes/Ice                    5
   c - Ozocubu's Refrigeration        Ice                          6
   d - Bolt of Cold                   Conjuration/Ice              6
   e - Freezing Cloud                 Conjuration/Ice/Air          6
   f - Simulacrum                     Ice/Necromancy               6
Miscellaneous
 O - a phial of floods
Comestibles
 d - a meat ration
 q - 15 royal jellies
 F - 4 bread rations


   Skills:
 - Level 8.7 Fighting
 - Level 13.0 Short Blades
 - Level 9.5 Throwing
 - Level 8.0 Armour
 - Level 6.0 Dodging
 - Level 11.0 Stealth
 + Level 7.0 Spellcasting
 - Level 0.2 Conjurations
 + Level 10.2 Hexes
 - Level 5.0 Necromancy
 - Level 5.0 Fire Magic
 - Level 4.7 Ice Magic
 - Level 9.8 Air Magic
 - Level 5.6 Evocations


You had 3 spell levels left.
You knew the following spells:

 Your Spells              Type           Power        Failure   Level  Hunger
a - Ensorcelled Hibernat  Hex/Ice        #####.       1%          2    None
b - Confuse               Hex            ######..     1%          3    #......
c - Conjure Flame         Conj/Fire      ###.....     10%         3    #......
d - Tukima's Dance        Hex            ######..     1%          3    #......
z - Corpse Rot            Necr           N/A          1%          2    None
A - Apportation           Tloc           #.....       10%         1    None
I - Invisibility          Hex            ######..     22%         6    ######.
S - Summon Butterflies    Summ           #.......     10%         1    None
Z - Freezing Cloud        Conj/Ice/Air   ####......   89%         6    ######.


Dungeon Overview and Level Annotations

Branches:
Dungeon (12/15)            Temple (1/1) D:5            Lair (6/6) D:10
  Swamp (4/4) Lair:2        Snake (0/4) Lair:2        Slime (0/5) Lair:6
    Orc (2/2) D:12            Elf (0/3) Orc:2

Altars:
Ashenzari
Dithmenos
Elyvilon
Fedhas
Hepliaklqana
Kikubaaqudgha
Makhleb
Nemelex Xobeh
Okawaru
Qazlal
Ru
Sif Muna
Yredelemnul
Jiyva

Shops:
Orc:2 [[[


Innate Abilities, Weirdness & Mutations

You are small and have problems with some larger weapons.
You are somewhat resistant to further mutation.
You are partially covered in slimy green scales. (AC +2)


Message History

Press: ? - help, Shift-Dir - straight line, f - eight-headed hydra, p - seven-headed hydra
Aim: an eight-headed hydra You shoot a needle of paralysis.
The needle of paralysis hits the eight-headed hydra!
The eight-headed hydra resists.
The thorn hunter gestures.
Thorny briars emerge from the ground!
Firing (i - inventory. (,) - cycle):
E - 4 needles of paralysis (quivered)
Press: ? - help, Shift-Dir - straight line, f - thorn hunter, p - eight-headed hydra
Aim: a thorn hunter You shoot a needle of paralysis.
The needle of paralysis hits the thorn hunter!
The thorn hunter resists.
The eight-headed hydra barely misses you.
The eight-headed hydra bites you.
* * * LOW HITPOINT WARNING * * *
The eight-headed hydra closely misses you.
The eight-headed hydra bites you but does no damage.
The eight-headed hydra bites you.
You die...

..†.≈≈≈≈≈≈≈♣ ♣≈≈≈≈≈§.≈≈≈≈.♣
§..†..≈D..≈♣ ♣≈≈≈≈≈≈§≈≈.♣
≈..≈≈.†≈≈♣♣♣ ♣.≈≈≈≈≈.<.≈♣
≈≈≈≈≈....♣ ♣♣.≈≈≈≈...♣
≈≈≈≈§≈≈§≈♣♣♣♣ ♣♣≈≈.≈≈≈..≈♣
..≈≈≈≈≈§♣≈PP♣♣♣ ♣≈≈≈≈≈≈....♣♣
♣♣♣≈.≈≈≈..PP.D♣♣♣≈≈≈≈≈.♣≈≈≈≈♣ ♣♣♣
♣♣♣♣♣.≈.≈♣PP≈≈.♣D≈≈≈≈.♣♣.≈.≈♣♣≈..
.♣♣♣♣≈♣♣♣♣PP≈).f@f..♣♣♣♣..≈≈.<...
≈≈≈♣♣♣♣ ♣PP..♣.≈..♣♣ ♣.≈≈≈≈≈≈..
≈≈≈≈♣ ♣♣♣♣♣♣♣..♣♣ ♣≈≈≈≈≈≈≈.≈
≈≈≈.♣ ♣♣ ♣♣♣♣ ♣♣.≈≈≈≈.≈♣ ≈.≈♣♣♣♣♣
≈≈♣ ♣♣...≈♣♣♣ ≈.≈≈≈≈.♣♣≈≈≈♣
♣♣♣♣♣♣ ≈.≈.≈≈≈....♣ ≈≈..≈≈≈≈≈.♣
≈≈..≈..§≈♣♣


You could see a thorn hunter, a shambling mangrove, an eight-headed hydra and a
seven-headed hydra (confused).

Vanquished Creatures
  Rupert (Lair:6)
  Frances (D:12)
  A frost giant (IceCv)
  Aizul (Swamp:3)
  Snorg (Lair:3)
  A minotaur (Lab)
  Josephine (D:11)
  Erolcha (D:12)
  The ghost of Paps the Blocker, a journeyman MiFi of Okawaru (D:11)
  9 hydras
  Fannar (D:10)
  Erica (D:8)
  A catoblepas (Lair:6)
  A ghost crab (Swamp:3)
  4 orc high priests (Orc:2)
  13 alligators
  3 death yaks
  Urug (D:12)
  2 shambling mangroves (Swamp:4)
  Pikel (D:8)
  3 swamp dragons
  2 lindwurms (Volcano)
  A deep elf mage (D:12)
  3 orc knights
  An orc sorcerer (Orc:2)
  A manticore (Lair:6)
  4 ugly things
  13 elephants
  3 black mambas
  Psyche (D:8)
  An ice statue (IceCv)
  Joseph (D:7)
  4 molten gargoyles (Volcano)
  35 spiny frogs
  4 komodo dragons
  10 rime drakes
  A centaur skeleton (D:11)
  8 polar bears
  5 trolls
  9 tyrant leeches
  Prince Ribbit (D:5)
  Grinder (D:5)
  23 blink frogs
  13 hornets
  7 bog bodies
  13 hippogriffs
  3 slime creatures (Swamp:2)
  7 dream sheep (Lair:6)
  4 spriggans
  A dancing weapon (Orc:1)
  45 yaks
  2 shadows
  5 wyverns
  Grum (D:10)
  6 wraiths
  3 basilisks (Lair:6)
  The ghost of 100P the Chopper, an amateur DsGl (D:4)
  A steam dragon (D:12)
  20 vampire mosquitoes
  5 wargs
  24 swamp worms
  3 insubstantial wisps (Swamp:2)
  Duvessa (D:6)
  9 porcupines
  3 hell hounds
  Purgy (D:3)
  15 water moccasins
  6 swamp drakes
  3 black bears
  12 ice beasts
  17 orc warriors
  4 slaves (D:8)
  3 phantoms
  2 sky beasts (D:5)
  9 ogres
  An eye of draining (D:12)
  8 crocodiles
  A hornet zombie (D:11)
  14 wolves
  6 centaurs
  2 earth elementals (Volcano)
  6 big kobolds
  33 bullfrogs
  A wyvern zombie (D:9)
  Dowan (D:6)
  2 scorpions
  15 wights
  5 electric eels
  5 howler monkeys
  8 crimson imps
  A bullfrog zombie (D:8)
  A centaur zombie (D:6)
  2 quasits
  4 jellies
  22 orc priests
  5 hounds
  26 orc wizards
  Jessica (D:2)
  2 bullfrog skeletons
  6 worker ants
  A hound skeleton (D:5)
  3 gnolls
  8 river rats (Sewer)
  17 adders
  2 oozes
  4 adder skeletons
  An adder zombie (D:8)
  3 worms
  4 dart slugs
  12 leopard geckos
  67 orcs
  6 bats
  3 giant cockroaches
  4 goblins (D:1)
  12 hobgoblins
  6 jackals
  2 quokkas
  8 ball pythons
  6 frilled lizards
  A jackal skeleton (D:4)
  51 kobolds
  2 quokka skeletons
  19 rats
850 creatures vanquished.

Vanquished Creatures (collateral kills)
  A spiny frog (Swamp:1)
  A spriggan (Swamp:1)
  A basilisk (Lair:6)
  2 orc warriors
  4 wights
  An orc wizard (D:11)
  2 orcs
12 creatures vanquished.

Vanquished Creatures (others)
  A death yak (IceCv)
  2 polar bears (IceCv)
  5 yaks (IceCv)
  9 dancing weapons
  6 wolves (IceCv)
  An orc priest (D:6)
  An orc (D:6)
  29 fungi
  46 plants
100 creatures vanquished.

Grand Total: 962 creatures vanquished

Notes
Turn   | Place    | Note
-------+----------+-------------------------------------------
     0 | D:1      | bolko the Halfling Enchanter began the quest for the Orb.
     0 | D:1      | Reached XP level 1. HP: 11/11 MP: 3/3
   106 | D:1      | Reached XP level 2. HP: 14/17 MP: 4/4
   221 | D:1      | Learned a level 2 spell: Ensorcelled Hibernation
   270 | D:1      | Reached skill level 2 in Short Blades
   327 | D:1      | Reached XP level 3. HP: 11/21 MP: 0/5
   862 | D:2      | Noticed Jessica
   871 | D:2      | Killed Jessica
   871 | D:2      | Reached XP level 4. HP: 26/27 MP: 3/6
  1259 | D:3      | Noticed Purgy
  1282 | D:3      | Killed Purgy
  1282 | D:3      | Reached skill level 3 in Short Blades
  1282 | D:3      | Reached XP level 5. HP: 23/31 MP: 4/7
  1453 | D:3      | Reached XP level 6. HP: 36/36 MP: 5/8
  1475 | D:3      | Learned a level 3 spell: Confuse
  1781 | D:3      | Reached skill level 5 in Stealth
  2012 | D:4      | Found a shadowy altar of Dithmenos.
  2052 | D:4      | Noticed 100P's ghost (amateur DsGl)
  2055 | D:4      | Noticed an ogre
  2079 | D:4      | Killed 100P's ghost
  2079 | D:4      | Reached skill level 4 in Short Blades
  2079 | D:4      | Reached XP level 7. HP: 6/41 MP: 4/9
  2490 | D:4      | Reached skill level 5 in Hexes
  2674 | D:5      | Entered Level 5 of the Dungeon
  2690 | D:5      | Found a staircase to the Ecumenical Temple.
  2703 | Temple   | Entered the Ecumenical Temple
  2710 | Temple   | Became a worshipper of Warmaster Okawaru
  2761 | D:5      | Reached XP level 8. HP: 46/46 MP: 2/10
  2798 | D:5      | Reached skill level 5 in Short Blades
  2968 | D:5      | Found a glowing drain.
  2978 | Sewer    | Entered a sewer
  3365 | Sewer    | Reached * piety under Okawaru
  3522 | D:5      | Learned a level 3 spell: Tukima's Dance
  3609 | D:5      | Noticed Grinder
  3686 | D:5      | Killed Grinder
  3686 | D:5      | Reached skill level 1 in Armour
  3746 | D:5      | Reached XP level 9. HP: 34/51 MP: 6/11
  3754 | D:5      | Reached ** piety under Okawaru
  3754 | D:5      | Reached skill level 6 in Short Blades
  3877 | D:5      | Noticed Prince Ribbit
  3885 | D:5      | Killed Prince Ribbit
  4245 | D:6      | Reached *** piety under Okawaru
  4255 | D:6      | Noticed Dowan
  4256 | D:6      | Noticed Duvessa
  4268 | D:6      | Killed Duvessa
  4268 | D:6      | Reached skill level 7 in Short Blades
  4281 | D:6      | Killed Dowan
  4750 | D:7      | Noticed Joseph
  4759 | D:7      | Killed Joseph
  4759 | D:7      | Reached skill level 1 in Fighting
  4783 | D:7      | Reached XP level 10. HP: 57/58 MP: 12/12
  5224 | D:7      | HP: 1/58 [electric eel/bolt of electricity (11)]
  5306 | D:8      | Noticed Psyche
  5319 | D:8      | Killed Psyche
  5332 | D:8      | Reached **** piety under Okawaru
  5415 | D:8      | Reached skill level 5 in Armour
  5750 | D:8      | Noticed Erica
  5783 | D:8      | Killed Erica
  5783 | D:8      | Reached ***** piety under Okawaru
  5783 | D:8      | Reached skill level 8 in Short Blades
  5786 | D:8      | Noticed Pikel
  5914 | D:8      | Killed Pikel
  6248 | D:9      | Reached XP level 11. HP: 67/67 MP: 13/13
  6984 | D:9      | Reached skill level 5 in Dodging
  7174 | D:9      | Received a gift from Okawaru
  7177 | D:9      | Got a pair of brightly glowing gloves {god gift}
  7195 | D:9      | Identified the +2 pair of gloves of the Hills {rC+ Regen+} (Okawaru gifted it to you on level 9 of the Dungeon)
  7320 | D:10     | Entered Level 10 of the Dungeon
  7369 | D:10     | Found a staircase to the Lair.
  7440 | D:10     | Reached skill level 9 in Short Blades
  7475 | D:10     | Noticed Fannar
  7513 | D:10     | Killed Fannar
  7580 | D:10     | Noticed Grum
  7652 | D:10     | Killed Grum
  7908 | D:10     | Found a flagged portal.
  7916 | Bailey   | Entered a bailey
  8048 | Bailey   | Learned a level 2 spell: Poisonous Vapours
  8160 | Bailey   | Noticed an orc knight
  8190 | Bailey   | Killed an orc knight
  8190 | Bailey   | Reached skill level 10 in Stealth
  8213 | Bailey   | Noticed an orc knight
  8272 | Bailey   | Killed an orc knight
  8281 | Bailey   | Found a burning altar of Makhleb.
  8343 | D:10     | Received a gift from Okawaru
  8343 | D:10     | Reached XP level 12. HP: 64/75 MP: 2/14
  8497 | D:10     | Got a dazzling hand axe {freeze}
  8556 | D:10     | Identified the +4 hand axe of Loni Vio {freeze, Int-2 Dex+3 SInv} (You took it off a crimson imp on level 10 of the Dungeon)
  8572 | D:11     | Learned a level 3 spell: Conjure Flame
  8647 | D:11     | Reached skill level 1 in Fire Magic
  8786 | D:11     | Reached skill level 5 in Fighting
  8869 | D:11     | Got a twisted robe
  8898 | D:11     | Noticed Josephine
  8910 | D:11     | Killed Josephine
  8921 | D:11     | Noticed Paps's ghost (journeyman MiFi)
  9003 | D:11     | Reached skill level 10 in Short Blades
  9040 | D:11     | Noticed a four-headed hydra
  9108 | D:11     | Killed a four-headed hydra
  9108 | D:11     | Reached ****** piety under Okawaru
  9258 | D:11     | Received a gift from Okawaru
  9453 | D:11     | Killed Paps's ghost
  9497 | D:12     | Noticed Erolcha
  9507 | D:12     | Killed Erolcha
  9529 | D:12     | Noticed Urug
  9551 | D:12     | Killed Urug
  9723 | D:12     | Found a labyrinth entrance.
  9732 | Lab      | Entered a labyrinth
  9744 | Lab      | Identified the +5 robe "Jurui" {Int+5} (You found it on level 11 of the Dungeon)
 10147 | Lab      | Noticed a minotaur
 10159 | Lab      | Killed a minotaur
 10159 | Lab      | Reached skill level 1 in Air Magic
 10159 | Lab      | Reached XP level 13. HP: 55/83 MP: 8/16
 10175 | Lab      | Got a shimmering brass ring
 10177 | Lab      | Identified the ring "Jecuen Osso" {Ice MR+ Str+2} (You found it in a labyrinth)
 10187 | Lab      | Identified a scroll of acquirement
 10197 | Lab      | Got a steaming rapier
 10198 | Lab      | Identified the +4 rapier "Mabritsu" {pierce, *Slow rF+++} (You found it in a labyrinth)
 10227 | D:12     | Noticed Frances
 10303 | D:12     | Killed Frances
 10303 | D:12     | Reached skill level 1 in Throwing
 10407 | D:12     | Reached skill level 5 in Fire Magic
 10461 | D:12     | Found a staircase to the Orcish Mines.
 10720 | D:12     | Received a gift from Okawaru
 10957 | Lair:1   | Entered Level 1 of the Lair of Beasts
 10991 | Lair:1   | Learned a level 1 spell: Apportation
 10996 | Lair:1   | Learned a level 2 spell: Corpse Rot
 11044 | Lair:1   | Found a frozen archway.
 11129 | IceCv    | Entered an ice cave
 11132 | IceCv    | Reached skill level 11 in Short Blades
 11321 | IceCv    | Got a scorched chain mail
 11334 | IceCv    | Identified the +7 chain mail of Marbles {rN+} (You found it in an ice cave)
 11521 | IceCv    | Reached skill level 1 in Necromancy
 11651 | IceCv    | Received a gift from Okawaru
 11790 | IceCv    | Noticed a frost giant
 11812 | IceCv    | Reached skill level 10 in Hexes
 11878 | IceCv    | Received a gift from Okawaru
 11928 | IceCv    | Killed a frost giant
 12433 | Lair:1   | Reached skill level 5 in Throwing
 12607 | Lair:1   | Reached XP level 14. HP: 92/92 MP: 11/19
 12712 | Lair:2   | Gained mutation: You have a pair of small horns on your head. [potion of mutation]
 12713 | Lair:2   | Lost mutation: You have a pair of small horns on your head. [potion of mutation]
 12713 | Lair:2   | Gained mutation: Armour fits poorly on your strangely shaped body. [potion of mutation]
 12713 | Lair:2   | Gained mutation: Your system is resistant to poisons. (rPois) [potion of mutation]
 12713 | Lair:2   | Gained mutation: You are agile. (Dex +2) [potion of mutation]
 12739 | Lair:2   | Learned a level 6 spell: Freezing Cloud
 12747 | Lair:2   | Found a staircase to the Snake Pit.
 12841 | Orc:1    | Entered Level 1 of the Orcish Mines
 13120 | Orc:1    | Received a gift from Okawaru
 13337 | Orc:2    | Entered Level 2 of the Orcish Mines
 13349 | Orc:2    | Found a dark tunnel.
 13369 | Volcano  | Entered a volcano
 13584 | Orc:2    | Received a gift from Okawaru
 13797 | Orc:2    | Found Xuvileo's Jewellery Shoppe.
 13797 | Orc:2    | Found Ubauc's Antique Armour Emporium.
 14209 | Orc:2    | Reached skill level 5 in Air Magic
 14299 | Orc:2    | Gained mutation: You tend to lose your temper in combat. [a neqoxec]
 14543 | Orc:2    | Found a staircase to the Elven Halls.
 14717 | Orc:2    | Found Qiofav's Antique Armour Shoppe.
 14718 | Orc:2    | Found Menaocs's Antique Armour Emporium.
 14874 | Orc:2    | Bought a pair of glowing boots for 277 gold pieces
 14877 | Orc:2    | Bought a jewelled ring mail for 342 gold pieces
 14899 | Orc:2    | Identified the +1 ring mail of Ber Avvocwiu {rElec Regen+ Str+4} (You bought it in a shop on level 2 of the Orcish Mines)
 15402 | Lair:2   | Found a staircase to the Swamp.
 15796 | Lair:3   | Reached skill level 1 in Evocations
 15833 | Lair:3   | Reached skill level 12 in Short Blades
 15974 | Lair:3   | Received a gift from Okawaru
 16120 | Lair:3   | Received a gift from Okawaru
 16244 | Lair:3   | Noticed Snorg
 16260 | Lair:3   | Killed Snorg
 16536 | Lair:4   | Got a bone short sword
 16543 | Lair:4   | Got a steaming pewter ring
 16550 | Lair:4   | Lost mutation: You are agile. (Dex +2) [potion of mutation]
 16550 | Lair:4   | Lost mutation: You tend to lose your temper in combat. [potion of mutation]
 16550 | Lair:4   | Lost mutation: Armour fits poorly on your strangely shaped body. [potion of mutation]
 16550 | Lair:4   | Lost mutation: Your system is resistant to poisons. (rPois) [potion of mutation]
 16550 | Lair:4   | Gained mutation: You are partially covered in slimy green scales. (AC +2) [potion of mutation]
 16552 | Lair:4   | Identified the ring "Kuluf" {rC+ Str+10} (You found it on level 4 of the Lair of Beasts)
 16553 | Lair:4   | Identified the cursed +2 short sword of Anguish {pierce, Str+7 Stlth+} (You found it on level 4 of the Lair of Beasts)
 16629 | Lair:4   | Identified the Grimoire of Mutagenic Conjuration
 16853 | Lair:5   | Reached XP level 15. HP: 97/97 MP: 22/22
 16885 | Lair:5   | Found a blossoming altar of Fedhas.
 17011 | Lair:5   | Received a gift from Okawaru
 17029 | Lair:5   | Identified a +1 pair of boots of running (Okawaru gifted it to you on level 5 of the Lair of Beasts)
 17175 | Lair:5   | Reached skill level 5 in Spellcasting
 17192 | Lair:5   | Reached skill level 1 in Ice Magic
 17389 | Lair:6   | Entered Level 6 of the Lair of Beasts
 17648 | Lair:6   | Noticed Rupert
 18262 | Lair:6   | Received a gift from Okawaru
 18370 | Lair:6   | Received a gift from Okawaru
 18578 | Lair:6   | Got a heavily runed ring mail {god gift}
 18598 | Lair:5   | Identified the +4 ring mail "Jerof" {Str+7} (Okawaru gifted it to you on level 6 of the Lair of Beasts)
 18878 | Lair:6   | Reached skill level 5 in Necromancy
 19432 | Lair:6   | Reached XP level 16. HP: 85/105 MP: 5/23
 19484 | Lair:6   | Found a staircase to the Slime Pits.
 19484 | Lair:6   | Found a viscous altar of Jiyva.
 19765 | Lair:6   | Killed Rupert
 19861 | Lair:6   | Received a gift from Okawaru
 19932 | Swamp:1  | Entered Level 1 of the Swamp
 20311 | Swamp:1  | Received a gift from Okawaru
 20315 | Swamp:1  | Reached skill level 5 in Evocations
 20325 | Swamp:1  | HP: 2/157 [spriggan rider/spear (12)]
 20459 | Swamp:1  | Received a gift from Okawaru
 21089 | Swamp:2  | Reached skill level 13 in Short Blades
 21169 | Swamp:2  | Received a gift from Okawaru
 21497 | Swamp:3  | Received a gift from Okawaru
 21508 | Swamp:3  | Learned a level 6 spell: Invisibility
 21569 | Swamp:3  | Noticed Aizul
 21608 | Swamp:3  | Killed Aizul
 22047 | Swamp:4  | Entered Level 4 of the Swamp
 22250 | Swamp:4  | Reached XP level 17. HP: 111/111 MP: 24/27
 22257 | Swamp:4  | Learned a level 1 spell: Summon Butterflies
 22364 | Swamp:4  | Noticed a thorn hunter
 22376 | Swamp:4  | HP: 5/111 [thorn hunter/volley of thorns (10)]
 22381 | Swamp:4  | HP: 1/111 [eight-headed hydra (6)]
 22381 | Swamp:4  | Slain by an eight-headed hydra

Skill      XL: |  1  2  3  4  5  6  7  8  9 10 11 12 13 14 15 16 17 |
---------------+----------------------------------------------------+-----
Short Blades   | 2 3 4 5 7 8 9 10 11 12 13 | 13.0
Hexes          | 3 4 5 6 7 8 9 10 | 10.2
Stealth        | 4 5 6 8 9 10 11 | 11.0
Armour         | 1 4 5 7 8 |  8.0
Fighting       | 1 3 4 5 7 8 |  8.7
Dodging        | 4 5 6 |  6.0
Fire Magic     | 4 5 |  5.0
Spellcasting   | 2 3 4 5 6 7 |  7.0
Air Magic      | 1 3 6 8 9 |  9.8
Throwing       | 5 7 8 9 |  9.5
Necromancy     | 2 3 5 |  5.0
Evocations     | 2 4 5 |  5.6
Ice Magic      | 3 4 |  4.7
Conjurations   | |  0.2

Action                   |  1- 3 |  4- 6 |  7- 9 | 10-12 | 13-15 | 16-18 || total
-------------------------+-------+-------+-------+-------+-------+-------++-------
Melee: Dagger            |   102 |   137 |       |       |       |       ||   239
       Short sword       |       |    15 |   378 |       |       |       ||   393
       Rapier            |       |       |    25 |  1105 |  1712 |   435 ||  3277
       Punch             |       |       |       |     1 |     5 |     1 ||     7
       Scimitar          |       |       |       |       |    21 |       ||    21
       Demon blade       |       |       |       |       |    18 |    26 ||    44
 Fire: Blowgun           |       |       |       |       |    48 |    20 ||    68
Throw: Tomahawk          |       |       |    12 |     8 |     9 |     3 ||    32
       Stone             |       |       |     1 |       |       |       ||     1
 Cast: Corona            |    23 |    17 |     6 |     2 |       |       ||    48
       Ensorcelled Hiber |     7 |    16 |    36 |    76 |   265 |   129 ||   529
       Confuse           |       |     2 |    14 |    50 |    91 |    31 ||   188
       Tukima's Dance    |       |       |       |    22 |    13 |       ||    35
       Poisonous Vapours |       |       |       |     1 |       |       ||     1
       Conjure Flame     |       |       |       |     2 |    21 |     4 ||    27
       Corpse Rot        |       |       |       |       |     8 |       ||     8
       Invisibility      |       |       |       |       |       |     2 ||     2
Invok: Heroism           |       |       |     5 |    17 |    28 |     5 ||    55
Evoke: Wand              |       |       |     8 |    11 |    13 |    10 ||    42
       Sack of spiders   |       |       |       |     5 |     5 |       ||    10
       Phial of floods   |       |       |       |     1 |       |     1 ||     2
       Box of beasts     |       |       |       |       |     1 |       ||     1
       Phantom mirror    |       |       |       |       |       |     1 ||     1
  Use: Scroll            |     2 |       |    14 |    14 |    21 |     7 ||    58
       Potion            |       |     3 |     2 |     7 |    15 |    11 ||    38
 Stab: Sleeping          |    12 |    14 |    30 |    54 |   135 |    65 ||   310
       Confused          |       |     1 |     2 |    36 |    55 |    17 ||   111
       Invisible         |       |       |     3 |       |     4 |    14 ||    21
       Distracted        |       |       |       |     2 |     4 |     3 ||     9
       Petrified         |       |       |       |       |     5 |       ||     5
       Paralysed         |       |       |       |       |     2 |       ||     2
  Eat: Chunk             |     1 |     6 |    14 |    30 |    27 |     3 ||    81
       Fruit             |       |       |       |     4 |     7 |    14 ||    25
       Royal jelly       |       |       |       |     1 |     4 |       ||     5
Armor: Robe              |    11 |     6 |       |       |       |       ||    17
       Troll leather arm |       |    19 |   109 |   191 |   512 |   179 ||  1010
       Skin              |       |       |       |       |       |     9 ||     9
Dodge: Dodged            |    76 |    94 |   282 |   584 |  1082 |   436 ||  2554
       Rpst.: Scimitar   |       |       |       |       |    21 |       ||    21
       Demon blade       |       |       |       |       |     6 |    11 ||    17
